 Dungeon Crawl Stone Soup version 0.30-a0-760-g5a9884bb7c (webtiles) character file.

Game seed: 45599265189467582

18051 Kenran the Fighter (level 12, -14/84 HPs)
             Began as a Gargoyle Fighter on Feb 11, 2023.
             Was a Follower of the Shining One.
             Demolished by a hell knight
             ... wielding a +1 halberd of flaming
              (22 damage)
             ... in a volcano.
             The game lasted 00:34:22 (11469 turns).

Kenran the Fighter (Gargoyle Fighter)              Turns: 11469, Time: 00:34:23

Health: -14/84     AC: 28    Str: 26    XL:     12   Next: 54%
Magic:  13/13      EV: 13    Int:  8    God:    the Shining One [*.....]
Gold:   624        SH:  4    Dex:  9    Spells: 11/11 levels left

rFire   + . .      SeeInvis .    b - +1 falchion (elec)
rCold   . . .      Faith    .    c - +0 buckler
rNeg    + . .      Spirit   .    a - +0 chain mail
rPois   ∞          Reflect  .    j - +0 helmet
rElec   +          Harm     .    I - +2 cloak {Will+}
rCorr   .          Rampage  .    y - +2 pair of gloves
Will    +....                    (no boots) Stlth
                                 t - amulet of regeneration
HPRegen 1.14/turn                p - ring of protection from fire
MPRegen 0.13/turn                D - +5 ring of evasion

@: about to teleport, glowing
A: sickness immunity, AC +8, negative energy resistance 1, electricity
resistance, torment resistance 1, petrification resistance
a: Renounce Religion, Divine Shield


You were in a volcano.
You worshipped the Shining One.
The Shining One was aware of your devotion.
You visited 3 branches of the dungeon, and saw 14 of its levels.
You also visited: Ossuary and Volcano.

You collected 624 gold pieces.

Inventory:

Hand Weapons
 b - a +1 falchion of electrocution (weapon)
 f - a +1 dagger of electrocution
 k - a +4 falchion
Missiles
 i - 87 stones (quivered)
 F - 2 throwing nets
Armour
 a - a +0 chain mail (worn)
 c - a +0 buckler (worn)
 j - a +0 helmet (worn)
 y - a +2 pair of gloves (worn)
 I - a +2 cloak of willpower (worn)
Jewellery
 p - a ring of protection from fire (left hand)
 t - an amulet of regeneration (around neck)
 u - an amulet of faith {!P}
 D - a +5 ring of evasion (right hand)
Wands
 z - a wand of digging (5)
 E - a wand of flame (24)
 G - a wand of acid (5)
 K - a wand of charming (4)
 N - a wand of polymorph (3)
Scrolls
 l - 6 scrolls of teleportation
 n - 2 scrolls of blinking
 q - a scroll of fear {unknown}
 s - 2 scrolls of enchant armour
 v - a scroll of acquirement {unknown}
 C - a scroll of magic mapping {unknown}
 H - a scroll of vulnerability {unknown}
 J - 3 scrolls of poison {unknown}
 O - 2 scrolls of butterflies {unknown}
Potions
 d - 2 potions of might
 e - 6 potions of magic
 h - 8 potions of curing {@q1}
 m - 5 potions of mutation {!q}
 o - 2 potions of degeneration {unknown}
 r - 7 potions of brilliance
 w - 3 potions of berserk rage {unknown}
 x - 3 potions of attraction {!q}
 A - 2 potions of lignification {unknown}
 B - 2 potions of resistance
 L - 3 potions of flight {unknown}
 M - a potion of ambrosia
 P - 2 potions of invisibility {unknown}


   Skills:
 + Level 13.1 Fighting
 + Level 12.8 Long Blades
 + Level 9.8 Armour
 - Level 3.2 Shields
 - Level 2.0 Invocations
 - Level 3.0 Evocations


You had 11 spell levels left.
You didn't know any spells.
Your spell library contained the following spells:

 Spells                   Type           Power      Damage    Failure   Level
 Apportation              Tloc           0%         N/A       95%         1
 Slow                     Hex            0%         N/A       95%         1
 Sting                    Tmut/Pois      0%         1d3       95%         1
 Poisonous Vapours        Pois/Air       0%         N/A       99%         2
 Static Discharge         Conj/Air       0%         2-2/arc   99%         2
 Confusing Touch          Hex            0%         N/A       100%        3
 Mephitic Cloud           Conj/Pois/Air  0%         N/A       100%        3
 Vampiric Draining        Necr           0%         2d6       100%        3
 Vhi's Electric Charge    Tloc/Air       0%         N/A       100%        3
 Olgreb's Toxic Radiance  Pois           0%         N/A       100%        4
 Alistair's Intoxication  Tmut/Pois      0%         N/A       100%        5
 Arcjolt                  Conj/Air       0%         1d10      100%        5
 Lightning Bolt           Conj/Air       0%         1d11      100%        5
 Chain Lightning          Conj/Air       0%         N/A       100%        9
 Fire Storm               Conj/Fire      0%         5d1       100%        9
 Shatter                  Erth           0%         3d5*      100%        9
 Cigotuvi's Dreadful Rot  Necr/Pois/Air  Unusable   N/A       N/A         2

Dungeon Overview and Level Annotations

Branches:
Dungeon (10/15)            Temple (1/1) D:4            Lair (3/5) D:8
    Orc (0/2) D:9         Ossuary (visited)         Volcano (1/1)
  Swamp: Lair:2-3    Shoals: Lair:2-3     Snake: Lair:2-3    Spider: Lair:2-3

Altars:
Ashenzari
Cheibriados
Dithmenos
Elyvilon
Fedhas
Gozag
Hepliaklqana
Kikubaaqudgha
Makhleb
Nemelex Xobeh
Okawaru
Qazlal
Ru
Sif Muna
Trog
Uskayaw
Vehumet
Wu Jian
Xom
Yredelemnul
Zin
The Shining One

Shops:
D:1 ?   D:5 [

Annotations:
D:6 2 transporters
D:7 exclusion: upstairs
D:9 exclusion: downstairs
D:10 Nergalle
Lair:2 1 runed translucent door, DEFE's ghost, journeyman DjBe Volcano exclusion: obsidian statue


Innate Abilities, Weirdness & Mutations

You are immune to sickness and miasma.
Your stone body is resilient. (AC +8)
You are immune to poison.
You resist negative energy. (rN+)
You are resistant to electric shocks. (rElec)
You are resistant to unholy torment.
You are immune to petrification.


Message History

The salamander mystic hits you with a +0 dagger.
You are engulfed in flames.
You resist.
The obsidian statue's eyes glow briefly.
The obsidian statue attempts to bespell you!
You resist with almost no effort.
The hell knight utters an invocation to its god.
The hell knight seems to speed up.
You hit the obsidian statue but do no damage.
The obsidian statue is lightly damaged.
The quasit disappears in a puff of smoke!
The white imp disappears in a puff of smoke!
The sixfirhy hits you. The sixfirhy shocks you. You resist.
The sixfirhy hits you. The sixfirhy shocks you. You resist.
The sixfirhy misses you.
The quasit bites you but does no damage.
You block the quasit's attack. x2; The salamander barely misses you.
The salamander mystic hits you but does no damage.
The obsidian statue's eyes glow briefly.
The sixfirhy misses you.
You hit the obsidian statue.
The obsidian statue is moderately damaged.
The quasit closely misses you.
The quasit claws you but does no damage.
The quasit misses you.
The hell knight hits you from afar with a +1 halberd of flaming!
The hell knight burns you.
The crimson imp hits you but does no damage.
As you read the scroll of teleportation, it crumbles to dust.
You feel strangely unstable.
The salamander mystic points at you and mumbles some strange words.
The bolt of magma hits you!! You partially resist.
* * * LOW HITPOINT WARNING * * *
The quasit closely misses you. You block the quasit's attack.
The quasit barely misses you.
The salamander hits you from afar with a +0 halberd!
* * * LOW HITPOINT WARNING * * *
You are engulfed in flames.
You resist.
* * * LOW HITPOINT WARNING * * *
The hell knight hits you from afar with a +1 halberd of flaming!!
You die...

######## ##!..[!)##
#(5N.!_$∩# ####
#53Np[!).# ###..####
#8@### ........##
##35.##### ≈≈≈§.....###
####.≈≈☼#
≈≈§§≈.....8#####≈≈≈.####
≈§≈§≈≈...)...'.####.≈≈≈#
≈§≈§≈≈....8###.#≈≈≈.####
≈§≈§≈≈≈...## #.####.≈≈≈#
≈§≈≈≈≈§...####.#≈≈≈.####
≈≈≈§≈≈§§....##.####.≈≈≈#


You could see an obsidian statue, a hell knight (fast), a salamander mystic, a
salamander, 2 sixfirhies, a quasit (summoned) and 2 crimson imps.

Vanquished Creatures
  Gastronok (Lair:2)
  Urug (Lair:2)
  A salamander (Volcano)
  6 elephants
  A manticore (D:10)
  Joseph (D:9)
  A gargoyle (D:10)
  Maggie (D:9)
  3 cane toads (Lair:1)
  4 komodo dragons
  A rime drake (Lair:1)
  A hornet (D:8)
  Prince Ribbit (D:9)
  5 blink frogs (Lair:1)
  A shadow (D:8)
  A wyvern (D:9)
  6 fire bats (Volcano)
  A wraith (D:7)
  Eustachio (D:5)
  21 yaks
  5 water moccasins
  3 ice beasts
  7 orc warriors
  3 black bears
  3 ogres
  2 centaurs
  A kobold brigand (D:9)
  A phantom (D:4)
  4 elf zombies (Ossuary)
  4 bullfrogs
  2 necrophages (D:7)
  6 scorpions
  A gnoll sergeant (D:7)
  9 killer bees
  7 lava snakes (Volcano)
  2 centaur zombies (Ossuary)
  A human zombie (Ossuary)
  4 hounds
  A gnoll bouda (D:9)
  6 orc priests
  2 jellies (D:5)
  An iguana (D:4)
  6 orc wizards
  2 mummies (Ossuary)
  Robin (D:2)
  14 gnolls
  7 adders
  3 shadow imps (D:7)
  A white imp (D:5)
  An ufetubus (D:4)
  A worm (D:5)
  A dart slug (D:4)
  62 orcs
  13 ball pythons
  10 endoplasms
  A giant cockroach (D:1)
  10 goblins
  14 hobgoblins
  3 jackals (D:5)
  3 quokkas
  6 bats
  4 frilled lizards
  A goblin zombie (Ossuary)
  14 hobgoblin zombies (Ossuary)
  A jackal zombie (Ossuary)
  13 kobolds
  10 kobold zombies (Ossuary)
  4 orc zombies (Ossuary)
  9 rats
349 creatures vanquished.

Vanquished Creatures (others)
  5 fungi
  3 plants
8 creatures vanquished.

Grand Total: 357 creatures vanquished

Notes
Turn   | Place    | Note
-------+----------+-------------------------------------------
     0 | D:1      | Kenran the Gargoyle Fighter began the quest for the Orb.
     0 | D:1      | Reached XP level 1. HP: 14/14 MP: 1/1
   153 | D:1      | Reached XP level 2. HP: 19/19 MP: 2/2
   228 | D:1      | Found Dezooz's Magic Scroll Shop.
   492 | D:1      | Reached XP level 3. HP: 22/23 MP: 3/3
  1140 | D:2      | Reached XP level 4. HP: 29/29 MP: 4/4
  1145 | D:2      | Noticed Robin
  1162 | D:2      | Killed Robin
  1307 | D:2      | Reached skill level 4 in Fighting
  1440 | D:2      | Reached XP level 5. HP: 33/33 MP: 5/5
  2183 | D:3      | Reached skill level 5 in Long Blades
  2192 | D:3      | Reached XP level 6. HP: 25/39 MP: 6/6
  2514 | D:4      | Reached skill level 5 in Fighting
  2638 | D:4      | Found a staircase to the Ecumenical Temple.
  2792 | D:4      | Reached skill level 6 in Fighting
  3131 | D:4      | Reached XP level 7. HP: 40/46 MP: 7/7
  3427 | D:5      | Entered Level 5 of the Dungeon
  3429 | D:5      | Noticed Eustachio
  3478 | D:5      | Killed Eustachio
  3767 | D:5      | Found a basalt altar of Yredelemnul.
  3790 | D:5      | Reached XP level 8. HP: 32/51 MP: 8/8
  4320 | D:5      | Found Esiujiox's Armour Boutique.
  4543 | D:5      | Reached skill level 7 in Fighting
  4754 | D:6      | Found a stormy altar of Qazlal.
  4866 | D:6      | Found a shimmering blue altar of Sif Muna.
  5119 | D:6      | Noticed a hornet
  5133 | D:6      | Found a transporter.
  5137 | D:6      | Found a transporter.
  5139 | D:6      | Noticed a queen bee
  5274 | D:6      | Found a burning altar of Makhleb.
  5347 | D:7      | Reached XP level 9. HP: 59/59 MP: 9/9
  5410 | D:7      | Found a sand-covered staircase.
  5415 | Ossuary  | Entered an ossuary
  5430 | Ossuary  | Reached skill level 8 in Fighting
  5839 | D:7      | Reached skill level 9 in Fighting
  6493 | D:8      | Reached skill level 10 in Fighting
  6673 | D:8      | Found a staircase to the Lair.
  6917 | D:8      | Reached XP level 10. HP: 68/68 MP: 10/10
  6938 | D:8      | Identified the +7 dagger of Cocytus {spect, *Corrode rN+
                  | Str+3}
  7059 | D:8      | Reached skill level 10 in Long Blades
  7059 | D:8      | Reached skill level 5 in Armour
  7249 | D:9      | Found a staircase to the Orcish Mines.
  7383 | D:9      | Noticed Maggie
  7393 | D:9      | Killed Maggie
  7469 | D:9      | Noticed Prince Ribbit
  7489 | D:9      | Killed Prince Ribbit
  7661 | Temple   | Entered the Ecumenical Temple
  8116 | D:6      | Noticed a rust devil
  8116 | D:6      | Noticed a rust devil
  8202 | D:9      | Noticed Joseph
  8223 | D:9      | Killed Joseph
  8605 | D:10     | Entered Level 10 of the Dungeon
  8611 | D:10     | Noticed a gargoyle
  8857 | D:10     | Killed a gargoyle
  8858 | D:10     | Reached skill level 1 in Evocations
  8858 | D:10     | Reached XP level 11. HP: 72/72 MP: 11/11
  8887 | D:10     | Found a glowing golden altar of the Shining One.
  8896 | D:10     | Noticed Nergalle
  9036 | D:10     | Noticed a manticore
  9062 | D:10     | Killed a manticore
  9112 | D:10     | Became a worshipper of the Shining One
  9257 | Lair:1   | Entered Level 1 of the Lair of Beasts
  9344 | D:8      | Reached skill level 1 in Invocations
  9738 | Lair:1   | Reached skill level 11 in Fighting
 10313 | Lair:1   | Reached skill level 12 in Fighting
 10389 | Lair:2   | Found a runed translucent door.
 10391 | Lair:2   | Noticed DEFE's ghost (journeyman DjBe)
 10601 | Lair:1   | Reached XP level 12. HP: 78/82 MP: 13/13
 10836 | Lair:2   | Noticed Gastronok
 10885 | Lair:2   | Killed Gastronok
 10920 | Lair:2   | Noticed Urug
 10931 | Lair:2   | Killed Urug
 11098 | Lair:3   | Found a dark tunnel.
 11110 | Volcano  | Entered a volcano
 11209 | Volcano  | Reached skill level 13 in Fighting
 11347 | Volcano  | Reached * piety under the Shining One
 11462 | Volcano  | Found a bloodstained altar of Trog.
 11462 | Volcano  | Noticed a hell knight
 11469 | Volcano  | Demolished by a hell knight

Illustrated notes

Levels and vault maps discovered:
D:1:      dpeg_cavernosity, layout_basic, serial_shops,
          nicolae_shop_hallway_plus
D:2:      layout_loops_ring, st_stairs_1, minmay_indecisive_spiral, uniq_robin
D:3:      kennysheep_six_static_rooms, layout_basic, cheibrodos_gnoll_hut
D:4:      layout_basic, minmay_temple_entry_junction, dk_noncrumbling_3,
          kennysheep_donut
D:5:      minmay_general_purpose_star, layout_loops_ring, kennysheep_mini_moat,
          serial_shops, nicolae_shop_hallway_stairs,
          nicolae_elevator_lobby_plus, uniq_eustachio
D:6:      cheibrodos_iron_armory, layout_basic,
          nicolae_qazlal_scattered_showers, makhleb_blood_cavern_becter,
          mainiacjoe_overflow_six_doors_small, gammafunk_ghost_hive
D:7:      layout_rooms, enter_ossuary_2
D:8:      layout_gridville, dpeg_oklobed_lair
D:9:      layout_cave_pools, david_orc_5, uniq_joseph, uniq_prince_ribbit1,
          uniq_maggie
D:10:     layout_rooms, lemuel_crystal_altar, uniq_nergalle
Temple:   nicolae_temple_bog_church
Lair:1:   layout_long_grid, infiniplex_staircase_pool, grunt_megastairs_2
Lair:2:   layout_big_grid, ebering_ghost_reflecting_pool,
          nicolae_quartered_pool_little, uniq_urug, uniq_gastronok
Lair:3:   layout_gridlike, minmay_swamp_entry_reptiles,
          spider_nest_entry_rubble, nicolae_volcano_entry_lava_flow
Volcano:  volcano_grotto [vgs_trial_by_fire]

Skill      XL: |  1  2  3  4  5  6  7  8  9 10 11 12 |
---------------+-------------------------------------+-----
Long Blades    | 2 3 4 5 7 8 9 12 | 12.8
Fighting       | 4 6 7 10 12 13 | 13.1
Armour         | 4 6 8 9 |  9.8
Evocations     | 1 3 |  3.0
Invocations    | 2 |  2.0
Shields        | |  3.2

Action                     |  1- 3 |  4- 6 |  7- 9 | 10-12 || total
---------------------------+-------+-------+-------+-------++-------
  Melee: Long sword        |    57 |       |       |       ||    57
         Falchion          |    78 |   212 |   684 |  1028 ||  2002
  Throw: Stone             |     1 |       |     6 |     5 ||    12
  Evoke: Wand              |       |       |       |     3 ||     3
    Use: Scroll            |     4 |       |     4 |     7 ||    15
         Potion            |       |       |       |     3 ||     3
 Armour: Scale mail        |    65 |    76 |       |       ||   141
         Chain mail        |       |    61 |   412 |   528 ||  1001
  Dodge: Dodged            |    57 |    69 |   204 |   642 ||   972
  Block: Buckler           |    33 |    28 |    92 |   161 ||   314

Table legend: (Time is in decaauts)
 A = Elapsed time spent in this place.
 B = Non-inter-level travel time spent in this place.
 C = Inter-level travel time spent in this place.
 D = Time resting spent in this place.
 E = Time spent auto-exploring this place.
 F = Levels seen in this place.
 G = Mean time per level.
                   A        B        C        D        E       F      G
               +--------+--------+--------+--------+--------+-----+--------+
         Total |  11274 |  10375 |    899 |    513 |   5201 |  16 |  704.6 |
       Dungeon |   8859 |   8052 |    807 |    311 |   4398 |  10 |  885.9 |
        Temple |    120 |    105 |     15 |      0 |     48 |   1 |  120.0 |
          Lair |   1630 |   1554 |     76 |    123 |    694 |   3 |  543.3 |
       Ossuary |    325 |    325 |      0 |      0 |     35 |   1 |  325.0 |
       Volcano |    338 |    338 |      0 |     79 |     26 |   1 |  338.0 |
               +--------+--------+--------+--------+--------+-----+--------+

Top non-repeatable levels by time:
     D:5: 1299 daAuts
  Lair:1: 1079 daAuts
     D:1: 1024 daAuts
     D:4: 1006 daAuts
     D:9: 918 daAuts
     D:8: 908 daAuts
     D:3: 856 daAuts
     D:2: 804 daAuts
     D:7: 802 daAuts
     D:6: 774 daAuts
  Lair:2: 516 daAuts
    D:10: 464 daAuts
 Volcano: 338 daAuts
 Ossuary: 325 daAuts
  Temple: 120 daAuts
